 Dungeon Crawl Stone Soup version 0.31.0-4-g52a2dc7128 (webtiles) character file.

Game seed: 10488462208946863829

87 BeingJoeMalik the Twirler (level 4, 0/34 HPs)
             Began as a Vine Stalker Gladiator on Jan 21, 2024.
             Killed by nerve-wracking pain
             ... invoked by Grinder
              (12 damage)
             ... on level 2 of the Dungeon.
             The game lasted 00:04:22 (1525 turns).

BeingJoeMalik the Twirler (Vine Stalker Gladiator)  Turns: 1525, Time: 00:04:24

Health: 0/34       AC:  5    Str: 17    XL:     4   Next: 51%
Magic:  0/5        EV: 12    Int: 10    God:
Gold:   164        SH:  0    Dex: 15    Spells: 3/3 levels left

rFire   . . .        a - +0 quarterstaff
rCold   . . .        (shield currently unavailable)
rNeg    . . .        b - +0 leather armour
rPois   .            c - +0 helmet
rElec   .            (no cloak)
rCorr   .            (no gloves)
SInv    .            l - +0 pair of boots
Will    +....        (no amulet) Stlth
                     (no ring)
HPRegen 1.05/turn    (no ring)
MPRegen 0.09/turn

%: guardian spirit
@: berserking, enlightened, flying, very quick
A: fangs 2, regeneration 1, magic shield, antimagic bite, no potion heal 2
a: no special abilities


You were on level 2 of the Dungeon.
You visited 1 branch of the dungeon, and saw 3 of its levels.

You collected 164 gold pieces.

Inventory:

Hand Weapons
 a - a +0 quarterstaff (weapon)
 o - a +2 whip of venom
Missiles
 d - 3 throwing nets (quivered)
 e - a javelin
Armour
 b - a +0 leather armour (worn)
 c - a +0 helmet (worn)
 l - a +0 pair of boots (worn)
Scrolls
 h - a scroll of revelation {unknown}
 j - a scroll of immolation {unknown}
 m - a scroll of blinking {unknown}
 p - a scroll of silence {unknown}
 q - 2 scrolls of enchant weapon {unknown}
 r - a scroll of amnesia {unknown}
 t - a scroll of poison {unknown}
 v - a scroll of vulnerability {unknown}
Potions
 f - a potion of lignification {unknown}
 g - a potion of ambrosia {unknown}
 i - a potion of heal wounds {unknown}
 u - a potion of attraction {unknown}


   Skills:
 - Level 1.7 Fighting
 + Level 1.0(3.0) Maces & Flails
 - Level 4.5(4.6) Staves
 - Level 1.7 Throwing
 - Level 2.4 Dodging


You had 3 spell levels left.
You didn't know any spells.
Your spell library contained the following spells:

 Spells                   Type           Power      Damage    Failure   Level
 Ensorcelled Hibernation  Hex/Ice        0%         N/A       56%         2
 Dazzling Flash           Conj/Hex       0%         N/A       80%         3
 Fugue of the Fallen      Necr           0%         N/A       80%         3
 Mephitic Cloud           Conj/Alch/Air  0%         N/A       80%         3
 Anguish                  Hex/Necr       0%         N/A       99%         4
 Curse of Agony           Necr           0%         N/A       100%        5
 Silence                  Hex/Air        0%         N/A       100%        5


Dungeon Overview and Level Annotations

Branches:
Dungeon (3/15)

Altars:
Nemelex Xobeh

Shops:
D:2 :(

Portals:
Sewer: D:3

Annotations:
D:2 Grinder


Innate Abilities, Weirdness & Mutations

You have extremely sharp teeth.
Your natural rate of healing is unusually fast.
When hurt, damage is shared between your health and your magic reserves.
Your bite disrupts and absorbs the magic of your enemies.
Potions cannot restore your health.


Message History

Grinder shouts!
A goblin comes into view. It is wielding a +0 club.
The rat squeaks loudly.
A ball python comes into view.
Press: ? - help, v - describe, . - travel
Here: Grinder, carrying a wand of flame The floor.
Unknown command.
There is a stone staircase leading up here.
Grinder gestures at you.
You suddenly lose the ability to move!
You stop ascending the stairs.
Grinder zaps a wand.
The puff of flame hits you! The orc hits you with a +0 whip.
Grinder says, "My boss said I was rubbish.
His entrails said otherwise."
Grinder hits you.
You writhe in agony.
The orc hits you with a +0 whip.
You can move again.
Unknown command.
The rat twitches its whiskers.
Grinder zaps a wand.
The puff of flame hits you. The orc closely misses you.
You climb upwards.
There is a stone staircase leading down here.
Unknown command.
Your +2 whip of venom stops dripping with poison.
a - a +0 quarterstaff (weapon)
Grinder zaps a wand.
The puff of flame hits you.
* * * LOW HITPOINT WARNING * * *
Unknown command.
It was a potion of curing.
That felt strangely inert.
The orc barely misses you. Grinder barely misses you.
It was a potion of enlightenment.
You feel very buoyant.
You fly up into the air.
The orc closely misses you.
Grinder zaps a wand.
The puff of flame misses you.
The puff of flame misses the orc.
It was a potion of berserk rage.
A red film seems to cover your vision as you go berserk!
You feel yourself moving faster!
You feel mighty! The orc closely misses you. Grinder gestures at you.
Pain shoots through your body!
You die...
Grinder says, "Now the real fun starts!"

########### #####
######.........# ##≈≈≈##
#...#.#.######.# #≈≈≈≈≈#
#....###...# #.#
###≈≈∩~≈##########.#.#.#.##.#
#.#
...≈~.~≈##.....5@o.#.##.###.#
#.. ####~.~###.#######.#.##.#
#.###.. #..###...## #.#.##.#
#...... #.###.#.#.## #.#.##.#
#####.. # #.##.##.##(##
#.#.##.# #.. ####.#.###.###.#
#(#.##.# #.. ...........# #.#
#.#.##.#######..
####.#.###.###.#
#.#.##.......... #
#..†.....##.##
#.#.............


You could see Grinder and an orc.

Vanquished Creatures
  Jessica (D:2)
  An adder (D:2)
  A ribbon worm (D:3)
  4 dart slugs
  3 endoplasms
  3 giant cockroaches (D:1)
  2 goblins
  7 hobgoblins
  2 kobolds (D:1)
  A quokka (D:2)
  7 ball pythons
  2 bats
  4 frilled lizards
  4 rats
42 creatures vanquished.

Notes
Turn   | Place    | Note
-------+----------+-------------------------------------------
     0 | D:1      | BeingJoeMalik the Vine Stalker Gladiator began the quest
                  | for the Orb.
     0 | D:1      | Reached XP level 1. HP: 11/11 MP: 2/2
    13 | D:1      | Reached skill level 3 in Staves
    29 | D:1      | Reached XP level 2. HP: 15/15 MP: 3/3
   279 | D:1      | Reached XP level 3. HP: 16/18 MP: 2/4
   641 | D:2      | Found Qaakk's Weapon Shoppe.
   724 | D:2      | Reached skill level 4 in Staves
   816 | D:2      | Noticed Jessica
   822 | D:2      | Killed Jessica
   823 | D:2      | Reached XP level 4. HP: 23/23 MP: 3/5
  1087 | D:2      | Found Qabehur's Book Shop.
  1428 | D:3      | Found a sparkling altar of Nemelex Xobeh.
  1501 | D:3      | Found a glowing drain.
  1508 | D:3      | Reached skill level 1 in Maces & Flails
  1509 | D:3      | Noticed Grinder
  1515 | D:3      | Paralysed by Grinder for 5 turns
  1525 | D:2      | Killed from afar by Grinder

Illustrated notes

Levels and vault maps discovered:
D:1:      giann_bridges, layout_basic
D:2:      layout_loops_ring, serial_shops, shop, nicolae_shop_waterfront,
          uniq_jessica
D:3:      layout_loops_ring, mainiacjoe_overflow_brackets,
          amcnicky_altar_gilded, marbit_many_paths, portal_sewer_entry_a,
          uniq_grinder

Skill      XL: |  1  2  3  4 |
---------------+-------------+-----
Staves         | 3 4 |  4.5
Maces & Flails | 1 |  1.0
Fighting       | |  1.7
Throwing       | |  1.7
Dodging        | |  2.4

Action                     |  1- 3 |  4- 6 || total
---------------------------+-------+-------++-------
  Melee: Quarterstaff      |    63 |       ||    63
         Bite              |    10 |    11 ||    21
         Whip              |       |    24 ||    24
    Use: Potion            |       |     3 ||     3
   Stab: Sleeping          |       |     1 ||     1
 Armour: Leather armour    |    33 |    15 ||    48
  Dodge: Dodged            |    22 |    17 ||    39
